AoeStats
← Electic

Pilgrims

507459167Analyzed
4v4 RM · 1mo ago on Sep 18, 2026· 73m 40s· 8 players
Game mode
Random Map
Map size
Large (8 player)
Population
200
Speed
Normal
Resources
Standard
Victory
Conquest
Starting age
Dark Age
Ending age
Imperial Age
RankedLock teamsTeams togetherTeam positionsShared explorationLock speedFull tech treeHidden civsTurbo modeCheats
Victory
Defeat
🇨🇳 Teutons · China
936
+13
🇨🇳 Vietnamese · China
912
+14
🇨🇳 Bulgarians · China
908
+14
🇨🇳 Persians · China
879
+15
vs
🇬🇧 Huns · United Kingdom
881
-15
🇵🇱 Saracens · Poland
874
-14
🇨🇳 Japanese · China
860
-14
🇮🇳 Magyars · India
844
-13
Electic
6:41 Loom
15:08 Feudal Age
17:19 Horse Collar
17:26 Double-Bit Axe
26:05 Wheelbarrow
28:41 Castle Age
28:49 Castle Age
27:03 Fletching
27:51 Scale Barding Armor
29:33 Bodkin Arrow
29:46 Heavy Plow
33:22 Bow Saw
36:47 Chain Barding Armor
39:22 Stone Mining
39:23 Gold Mining
43:17 Ballistics
42:54 Murder Holes
43:11 Masonry
42:42 Treadmill Crane
44:00 Arson
43:37 Man-at-Arms
47:51 Imperial Age
47:11 Hand Cart
46:42 Town Watch
46:51 Long Swordsman
47:36 Scale Mail Armor
47:40 Husbandry
47:51 Bloodlines
48:07 Padded Archer Armor
48:56 Chain Mail Armor
48:47 Town Patrol
48:15 Two-Handed Swordsman
50:13 Crop Rotation
49:31 Champion
50:37 Recurve Bow
50:59 Conscription
51:58 Hoardings
51:53 Leather Archer Armor
51:53 Corvinian Army
53:03 Two-Man Saw
52:42 Sappers
53:15 Bracer
54:37 Parthian Tactics
55:50 Heavy Cavalry Archer
58:50 Plate Barding Armor
58:45 Ring Archer Armor
59:08 Light Cavalry
62:16 Hussar
64:12 Chemistry
69:37 Elite Skirmisher
PiotrekEs
5:23 Loom
11:33 Feudal Age
12:16 Double-Bit Axe
13:12 Gold Mining
14:08 Wheelbarrow
15:25 Fishing Lines
21:30 Castle Age
23:13 Gillnets
26:14 Bow Saw
28:15 Horse Collar
29:11 Husbandry
30:12 Heavy Plow
31:13 Scale Barding Armor
31:19 Forging
32:36 Hand Cart
32:58 Fletching
33:12 Padded Archer Armor
37:38 Masonry
37:49 Ballistics
37:11 Treadmill Crane
38:05 Bodkin Arrow
38:26 Leather Archer Armor
38:46 Iron Casting
39:15 Gold Shaft Mining
39:49 Chain Barding Armor
39:46 Thumb Ring
43:53 Imperial Age
42:30 Stone Mining
42:39 Town Watch
44:09 Elite Mameluke
45:09 Conscription
45:26 Hoardings
45:58 Chemistry
45:04 Siege Engineers
45:43 Bloodlines
46:36 Blast Furnace
45:36 Bracer
46:07 Ring Archer Armor
45:37 Scale Mail Armor
46:16 Plate Barding Armor
49:35 Two-Man Saw
51:11 Pikeman
51:53 Squires
52:01 Scale Mail Armor
53:16 Chain Mail Armor
71:42 Murder Holes
Wololo
4:28 Loom
10:50 Feudal Age
11:32 Fishing Lines
16:33 Castle Age
15:11 Double-Bit Axe
18:12 Fletching
18:22 Padded Archer Armor
18:42 Bow Saw
19:53 Bodkin Arrow
20:13 Leather Archer Armor
20:22 Leather Archer Armor
21:17 Thumb Ring
23:08 Thumb Ring
24:17 Forging
24:08 Scale Mail Armor
25:52 Bloodlines
25:42 Husbandry
27:01 Thumb Ring
27:22 Gold Mining
27:22 Stone Mining
29:03 Ballistics
36:48 Imperial Age
40:15 Parthian Tactics
44:13 Medium Warships
48:19 Bracer
48:50 Ring Archer Armor
48:25 Gillnets
49:50 Careening
56:55 Heavy Warships
60:06 Dry Dock
60:08 Shipwright
60:00 Clinker Construction
wilderbeest1
12:34 Feudal Age
12:38 Loom
13:50 Man-at-Arms
22:24 Castle Age
22:20 Horse Collar
23:46 Double-Bit Axe
23:42 Pikeman
33:17 Bow Saw
36:15 Imperial Age
34:26 Heavy Plow
34:20 Fletching
35:50 Bodkin Arrow
36:11 Gold Mining
36:11 Stone Mining
37:40 Bloodlines
37:31 Husbandry
37:09 Elite Skirmisher
37:38 Cavalier
38:18 Husbandry
38:56 Conscription
38:32 Town Watch
39:02 Squires
40:08 Husbandry
41:12 Wheelbarrow
40:46 Bracer
40:57 Forging
41:05 Clinker Construction
42:32 Chemistry
43:33 Two-Man Saw
42:46 Masonry
42:57 Ballistics
43:54 Gold Shaft Mining
44:06 Hand Cart
44:47 Scale Barding Armor
45:51 Forging
47:10 Halberdier
47:48 Paladin
49:32 Chain Barding Armor
65:34 Fishing Lines
68:36 Gillnets
71:54 Caravan
YB88898
3:55 Loom
13:07 Feudal Age
19:33 Double-Bit Axe
26:40 Castle Age
30:07 Fletching
31:10 Gold Mining
32:58 Bow Saw
33:31 Wheelbarrow
33:42 Elite Skirmisher
36:29 Fishing Lines
46:08 Imperial Age
45:24 Ballistics
45:45 Scale Mail Armor
45:41 Bodkin Arrow
46:02 Forging
50:20 Chemistry
49:47 Imperial Skirmisher
54:55 Two-Man Saw
54:44 Paper Money
54:56 Horse Collar
58:07 Thumb Ring
59:06 Medium Warships
66:37 Cavalier
taokill2025
10:14 Feudal Age
15:50 Castle Age
13:36 Loom
14:10 Double-Bit Axe
15:41 Horse Collar
15:55 Gold Mining
20:03 Wheelbarrow
20:37 Bloodlines
20:58 Scale Barding Armor
25:30 Town Watch
25:59 Forging
28:07 Chain Barding Armor
28:44 Fletching
29:32 Iron Casting
30:48 Stone Mining
33:48 Stone Shaft Mining
34:24 Fletching
34:34 Padded Archer Armor
34:35 Scale Mail Armor
37:14 Imperial Age
34:52 Heavy Plow
36:09 Bow Saw
38:56 Bodkin Arrow
39:17 Leather Archer Armor
40:18 Chemistry
39:39 Ballistics
39:48 Crenellations
41:46 Two-Man Saw
41:03 Hand Cart
41:01 Elite Skirmisher
43:40 Town Patrol
43:15 Imperial Skirmisher
44:49 Ring Archer Armor
44:46 Cavalier
47:13 Elite Teutonic Knight
48:52 Ironclad
57:07 Plate Barding Armor
56:48 Chain Mail Armor
57:33 Blast Furnace
57:10 Conscription
62:19 Paladin
72:46 Plate Mail Armor
JobsKill
8:31 Loom
18:46 Feudal Age
24:04 Fishing Lines
24:22 Gold Mining
29:22 Double-Bit Axe
29:24 Horse Collar
31:08 Stone Mining
33:55 Castle Age
34:32 Elite Skirmisher
36:18 Thumb Ring
37:30 Fletching
37:41 Padded Archer Armor
37:52 Forging
40:35 Medium Warships
43:09 Stone Shaft Mining
43:28 Leather Archer Armor
43:08 Bodkin Arrow
50:06 Masonry
49:54 Murder Holes
51:37 Gold Shaft Mining
51:23 Bow Saw
58:04 Imperial Age
60:55 Imperial Skirmisher
62:07 Conscription
61:55 Kamandaran
62:35 Hoardings
65:41 Crossbowman
68:35 Iron Casting
69:11 Ring Archer Armor
69:43 Blast Furnace
69:46 Chemistry
69:17 Architecture
69:09 Ballistics
70:13 Hoardings
*****Hou
13:36 Feudal Age
14:45 Double-Bit Axe
23:05 Castle Age
21:52 Gold Mining
21:53 Stone Mining
22:15 Fishing Lines
23:04 Forging
23:00 Scale Barding Armor
22:46 Fletching
23:56 Wheelbarrow
25:28 Gold Shaft Mining
25:31 Stone Shaft Mining
26:03 Gillnets
27:16 Bloodlines
29:50 Loom
30:21 Hand Cart
35:23 Imperial Age
37:35 Ballistics
38:26 Elite Konnik
41:03 Iron Casting
40:49 Chain Barding Armor
40:25 Bodkin Arrow
45:07 Blast Furnace
44:43 Plate Barding Armor
44:09 Bracer
46:05 Stirrups
46:34 Conscription
62:16 Scale Mail Armor
Connection lost

Rejoining the realm…

Still unreachable

The connection could not be restored.

Session expired

The server has moved on; the page needs a fresh start.